Cogmind - Beta 13 @@@ ROGUE MODE // 2024.05.27 @ 22:56:14 Player: Skergy Result: Destroyed by as-30480 with Assembled F-torch Performance ------------- Evolutions (1) 500 Regions Visited (5) 1000 Robots Destroyed (11) 55 Value Destroyed (260) 260 Prototype IDs (7) 140 Alien Tech Used (0) 0 Bonus (328) 328 TOTAL SCORE: 2283 Bonus ------- Follower Combat Kills 46 Aligned with FarCom 300 Friendly Fire -18 Cogmind --------- Core Integrity 0/400 Matter 254/300 Energy 99/100 System Corruption 0% Temperature Cool (20) Movement Core (50) Location -9/Exiles Parts ------- > --- POWER (1) -------- (None) > --- PROPULSION (4) --- (None) > --- UTILITY (2) ------ (None) > --- WEAPON (2) ------- (None) > --- INVENTORY (5) ---- Improved Ion Engine Flight Unit ECM Suite Mining Laser Proton Bomb Trap Peak State ------------ > --- POWER ------------ Improved Ion Engine > --- PROPULSION ------- Potential Leg Potential Leg Flight Unit Improved Flight Unit > --- UTILITY ---------- Small Storage Unit PSU Rigger > --- WEAPON ----------- Light Assault Rifle Field Lobotomy Kit > --- INVENTORY -------- Improved Ion Engine Flight Unit High-capacity Matter Pod ECM Suite Rocket Launcher Mining Laser Proton Bomb Trap Proton Bomb Trap [Rating: 47] Favorites ----------- Power Improved Ion Engine Engine Improved Ion Engine Propulsion Flight Unit Treads Light Treads Leg Aluminum Leg Flight Unit Flight Unit Utility Small Storage Unit Device Experimental Sensor Array Storage Small Storage Unit Weapon Light Assault Rifle Energy Gun Medium Laser Ballistic Gun Light Assault Rifle Special Weapon Field Lobotomy Kit Build | -11 -10 -10 -9 -9 -9 ------- Run | Yrd Mat Min Mat Min Exi Slots Evolved 2 | . . . 2 . . Power . | . . . . . . Propulsion 2 | . . . 2 . . Utility . | . . . . . . Weapon . | . . . . . . Parts Attached 35 | 6 1 7 7 7 7 Power 3 | 1 . 1 1 . . Engine 3 | 1 . 1 1 . . Core . | . . . . . . Reactor . | . . . . . . Propulsion 15 | 2 . 1 5 5 2 Treads 2 | 2 . . . . . Leg 3 | . . 1 . . 2 Wheel . | . . . . . . Hover . | . . . . . . Flight 10 | . . . 5 5 . Utility 7 | 1 1 2 1 . 2 Device 6 | . 1 2 1 . 2 Storage 1 | 1 . . . . . Processor . | . . . . . . Hackware . | . . . . . . Protection . | . . . . . . Artifact . | . . . . . . Weapon 10 | 2 . 3 . 2 3 Energy Gun 1 | . . 1 . . . Energy Cannon . | . . . . . . Ballistic Gun 7 | 2 . 2 . 2 1 Ballistic Cannon . | . . . . . . Launcher . | . . . . . . Special Weapon 2 | . . . . . 2 Impact Weapon . | . . . . . . Slashing Weapon . | . . . . . . Piercing Weapon . | . . . . . . Special Melee Weapon . | . . . . . . Unidentified Prototypes 5 | . . 1 1 . 3 Parts Lost 18 | . . 5 1 7 5 Power 2 | . . 1 . . 1 Propulsion 9 | . . 2 . 5 2 Utility 2 | . . . 1 1 . Weapon 5 | . . 2 . 1 2 Highest Loss Streak 5 | . . 4 1 4 5 To Critical Strikes 1 | . . . . . 1 Average Slot Usage (%) 86 | . 98 82 85 87 82 Engine 10 | . 14 9 11 11 10 Treads 7 | . 28 10 . . . Leg 3 | . . 6 4 . 9 Flight 18 | . . . 25 42 31 Device 9 | . 12 13 10 3 4 Storage 12 | . 14 14 11 11 10 Ballistic Gun 23 | . 28 27 22 19 14 Naked Turns 6 | . . . . . 6 Heaviest Build 23 | 12 14 14 15 15 23 Greatest Support 60 | 40 40 40 17 17 60 Greatest Overweight (x) 2 | . . 2 2 2 . Average Overweight (x) . | . . . . . . Largest Inventory Capacity 8 | 8 8 8 8 8 8 Average Capacity 7 | 6 8 8 8 8 7 Most Carried 8 | 6 6 8 8 8 8 Average Carried 7 | 4 6 7 7 7 7 Final Capacity 8 | 8 8 8 8 8 5 Final Carried 8 | 6 6 8 6 8 5 Class Distribution -------------------- 62% | Mutant 37% | Scavenger-Sprinter Dominant Class ---------------- Mutant | -10/Materials Mutant | -10/Mines Scavenger-Sprinter | -9/Materials Scavenger-Sprinter | -9/Mines Scavenger-Sprinter | -9/Exiles Resources | -11 -10 -10 -9 -9 -9 ----------- Run | Yrd Mat Min Mat Min Exi Matter Collected 626 | 254 50 170 . 152 . Remotely . | . . . . . . Salvage Created 377 | . 138 90 50 99 . Parts 21 | . 8 4 1 8 . Haulers Intercepted . | . . . . . . Recyclers Shooed . | . . . . . . Parts Field Recycled . | . . . . . . Retrieved Matter . | . . . . . . Parts Self-Destructed . | . . . . . . Prevented . | . . . . . . Kills | -11 -10 -10 -9 -9 -9 ------- Run | Yrd Mat Min Mat Min Exi Combat Hostiles Destroyed 15 | . 3 7 1 4 . Guns 15 | . 3 7 1 4 . Classes Destroyed 5 | . 2 2 1 . . Operator 1 | . 1 . . . . Swarmer 5 | . . 2 . 3 . Grunt 4 | . 3 . . 1 . Sentry 1 | . . . 1 . . Assembled 5 | . . 5 . . . Best Kill Streak 4 | . 4 3 1 2 . Combat Bots Only 3 | . 3 3 1 2 . Max Kills in Single Turn 1 | . 1 1 1 1 . Gunslinging . | . . . . . . Exploded . | . . . . . . Melee . | . . . . . . Uniques/NPCs Destroyed . | . . . . . . Combat | -11 -10 -10 -9 -9 -9 -------- Run | Yrd Mat Min Mat Min Exi Hostile Shots Fired 242 | . 30 66 28 43 75 Missed 69 | . 8 22 13 9 17 Damage Taken 2294 | . 279 464 211 311 1029 Core 558 | . 76 73 40 40 329 Absorbed by Shields . | . . . . . . Core Remaining (%) 70 | 100 . 40 . . . Volleys Fired 98 | . 21 40 6 27 4 Largest 2 | . 2 2 2 2 2 Hottest 50 | . 40 50 40 40 20 Shots Fired 169 | . 42 73 12 37 5 Gun 165 | . 42 73 12 37 1 Cannon . | . . . . . . Launcher . | . . . . . . Special 4 | . . . . . 4 Kinetic 160 | . 42 68 12 37 1 Thermal 5 | . . 5 . . . Explosive . | . . . . . . Electromagnetic . | . . . . . . Robot Hit Streak 8 | . 7 3 8 3 4 Robot Miss Streak 5 | . 2 5 1 3 1 Penetration Max . | . . . . . . Secondary Targets 1 | . 1 . . . . Max Gunslinging Chain 1 | . 1 . . . . Shots Hit Robots 89 | . 28 31 10 17 3 Core Hits 40 | . 13 17 3 7 . Critical Kills . | . . . . . . Critical Parts Destroyed 3 | . 1 . . 2 . Critical Strikes 3 | . 1 . . 2 . Destroy 3 | . 1 . . 2 . Melee Attacks . | . . . . . . Impact . | . . . . . . Slashing . | . . . . . . Piercing . | . . . . . . Sneak Attacks . | . . . . . . Combat Hostiles . | . . . . . . Follow-up Attacks . | . . . . . . Damage Inflicted 697 | . 230 249 76 136 6 Guns 696 | . 229 249 76 136 6 Cannons . | . . . . . . Explosions . | . . . . . . Melee . | . . . . . . Ramming 1 | . 1 . . . . Kinetic 671 | . 229 224 76 136 6 Thermal 25 | . . 25 . . . Explosive . | . . . . . . Electromagnetic . | . . . . . . Impact . | . . . . . . Slashing . | . . . . . . Piercing . | . . . . . . Highest Corruption 1 | . 1 1 . . . Average Corruption 1 | . 1 1 . . . Corruption Purged . | . . . . . . Corruption Blocked . | . . . . . . Effects 5 | . . 5 . . . Matter Fused 2 | . . 2 . . . Heat Flow Errors 1 | . . 1 . . . Energy Discharges 1 | . . 1 . . . Parts Rejected 1 | . . 1 . . . Overload Shots . | . . . . . . Overflow Damage . | . . . . . . Projectiles . | . . . . . . Explosions . | . . . . . . Melee . | . . . . . . Knockbacks . | . . . . . . Impact . | . . . . . . Kinetic . | . . . . . . Secondary . | . . . . . . Self-Inflicted Damage . | . . . . . . Shots . | . . . . . . Rammed 2 | . 1 1 . . . Targets Rammed 2 | . 1 1 . . . Kicked . | . . . . . . Crushed . | . . . . . . Highest Temperature 203 | . 21 203 9 47 . Average Temperature 22 | . 9 45 3 10 . Received Heat Transfer 891 | . 156 240 72 63 360 Siege Activations . | . . . . . . Robots Corrupted . | . . . . . . Combat Hostiles . | . . . . . . Parts Fried . | . . . . . . Impact Corruptions . | . . . . . . Robots Melted . | . . . . . . Combat Hostiles . | . . . . . . Parts Melted . | . . . . . . Heat Transferred 74 | . . 74 . . . Parts Sabotaged . | . . . . . . Parts Stolen . | . . . . . . Parts Stripped . | . . . . . . Power Chain Reactions . | . . . . . . Alert | -11 -10 -10 -9 -9 -9 ------- Run | Yrd Mat Min Mat Min Exi Peak Influence 285 | . 130 80 155 285 . Initial 60 | . . 50 . 60 . Average 66 | . 50 31 41 130 . Maximum Alert Level 1 | . . . . 1 . Low Security (%) 95 | 100 100 100 100 86 . Level 1 4 | . . . . 13 . Level 2 . | . . . . . . Level 3 . | . . . . . . Level 4 . | . . . . . . Level 5 . | . . . . . . High Security . | . . . . . . Max Security . | . . . . . . Squads Dispatched 5 | . 2 . 3 . . Investigation 2 | . 1 . 1 . . Extermination . | . . . . . . Reinforcement 3 | . 1 . 2 . . Assault . | . . . . . . Garrison . | . . . . . . Intercept . | . . . . . . Searches Triggered . | . . . . . . Construction Impeded . | . . . . . . Haulers Reinforced . | . . . . . . Active Scanning Responses . | . . . . . . Cargo Convoy Interrupts . | . . . . . . Stealth | -11 -10 -10 -9 -9 -9 --------- Run | Yrd Mat Min Mat Min Exi Distress Signals 1 | . . . 1 . . Communications Jammed . | . . . . . . Distress Signals . | . . . . . . Times Spotted 59 | . 9 9 21 12 8 Peak Tracking Total 17 | . 3 3 17 4 9 Tactical Retreats 6 | . . 1 1 4 . Traps | -11 -10 -10 -9 -9 -9 ------- Run | Yrd Mat Min Mat Min Exi Traps Triggered 3 | . 2 . 1 . . Indirectly . | . . . . . . Trap Hack Attempts . | . . . . . . Triggered . | . . . . . . Disarmed . | . . . . . . Reprogrammed . | . . . . . . Reused 1 | . . . . . 1 Traps Extracted . | . . . . . . Installed 3 | . . . . 2 1 Triggered . | . . . . . . Most Traps Carried 2 | . . . . 2 2 Machines | -11 -10 -10 -9 -9 -9 ---------- Run | Yrd Mat Min Mat Min Exi Machines Disabled . | . . . . . . Max in Single Turn . | . . . . . . Machines Repaired . | . . . . . . Machines Dismantled . | . . . . . . Machines Sabotaged . | . . . . . . Overloaded Fab Kills . | . . . . . . Hacking | -11 -10 -10 -9 -9 -9 --------- Run | Yrd Mat Min Mat Min Exi Machines Accessed 2 | . 2 . . . . Terminals 2 | . 2 . . . . Fabricators . | . . . . . . Repair Stations . | . . . . . . Recycling Units . | . . . . . . Scanalyzers . | . . . . . . Garrison Access . | . . . . . . Total Hacks 6 | . 6 . . . . Successful 3 | . 3 . . . . Failed 3 | . 3 . . . . Catastrophic 1 | . 1 . . . . Database Lockouts . | . . . . . . Manual 3 | . 2 . . . 1 Terminals 6 | . 6 . . . . Fabricators . | . . . . . . Repair Stations . | . . . . . . Recycling Units . | . . . . . . Scanalyzers . | . . . . . . Garrison Access . | . . . . . . Terminal Hacks 2 | . 2 . . . . Robot Analysis 1 | . 1 . . . . Prototype ID Bank 1 | . 1 . . . . Fabricator Hacks . | . . . . . . Repair Station Hacks . | . . . . . . Recycling Unit Hacks . | . . . . . . Scanalyzer . | . . . . . . Garrison Access Hacks . | . . . . . . Unauthorized Hacks 1 | . 1 . . . . Terminals 1 | . 1 . . . . Operators 1 | . 1 . . . . Fabricators . | . . . . . . Repair Stations . | . . . . . . Recycling Units . | . . . . . . Scanalyzers . | . . . . . . Garrison Access . | . . . . . . Data Cores Recovered . | . . . . . . Used . | . . . . . . Hacking Detections 2 | . 2 . . . . Full Trace Events . | . . . . . . Feedback Events . | . . . . . . Feedback Blocked . | . . . . . . Robot Schematics Acquired . | . . . . . . Robots Built . | . . . . . . Authchips . | . . . . . . Time . | . . . . . . Total Robot Build Rating . | . . . . . . Part Schematics Acquired . | . . . . . . Parts Built . | . . . . . . Authchips . | . . . . . . Time . | . . . . . . Total Part Build Rating . | . . . . . . Parts Repaired . | . . . . . . Time . | . . . . . . Parts Recycled . | . . . . . . Recycled Matter . | . . . . . . Retrieved Matter . | . . . . . . Retrieved Components . | . . . . . . Parts Scanalyzed . | . . . . . . Part Schematics Acquired . | . . . . . . Parts Damaged . | . . . . . . Bothacking | -11 -10 -10 -9 -9 -9 ------------ Run | Yrd Mat Min Mat Min Exi Used RIF Installer . | . . . . . . Robots Hacked . | . . . . . . Non-combat . | . . . . . . Combat . | . . . . . . Robot Hacks Applied . | . . . . . . Relay Couplers Released . | . . . . . . Fabnet Peak Effective % . | . . . . . . Robots Rewired . | . . . . . . Allies Hacked . | . . . . . . Hacks Repelled . | . . . . . . Allies | -11 -10 -10 -9 -9 -9 -------- Run | Yrd Mat Min Mat Min Exi Total Allies 3 | . . . . 3 . Largest Group 3 | . . . . 3 3 Highest-Rated Group 76 | . . . . 76 76 Highest-Rated Ally 31 | . . . . 31 31 Total Orders . | . . . . . . Ally Attacks 10 | . . . . 10 . Total Damage 84 | . . . . 84 . Kills 4 | . . . . 4 . Allies Corrupted . | . . . . . . Allies Melted . | . . . . . . Intel | -11 -10 -10 -9 -9 -9 ------- Run | Yrd Mat Min Mat Min Exi Robot Analysis Total 1 | . 1 . . . . Derelict Logs Recovered 3 | . . 2 . 1 . Drone Launches . | . . . . . . Drone Recoveries . | . . . . . . Exploration | -11 -10 -10 -9 -9 -9 ------------- Run | Yrd Mat Min Mat Min Exi Turns Passed 2221 | 84 301 781 169 673 213 Spaces Moved 1703 | 39 150 425 178 717 194 Core 9 | 2 . 6 . . 1 Treads 378 | 37 150 191 . . . Legs 319 | . . 228 24 . 67 Wheels . | . . . . . . Hover . | . . . . . . Flight 997 | . . . 154 717 126 Fastest Speed 31 | 50 160 120 31 31 31 Average Speed 80 | 154 160 150 53 31 51 Slowest Speed 190 | 160 160 190 190 180 90 Overloaded Moves . | . . . . . . Propulsion Burnouts . | . . . . . . Robots Hopped 9 | . . . 6 3 . Cave-ins Triggered . | . . . . . . Exploration Rate (%) 44 | 4 32 69 31 90 43 Regions Visited 5 Branch Regions 3 Pre-discovered Areas 3 | . . 2 . 1 . Known Exits Taken . | . . . . . . Unknown Exits Taken 5 | 1 1 1 1 1 . Scrap Searched 3 | . . 1 . 2 . Spaces Dug . | . . . . . . Terrain Destroyed . | . . . . . . Melee . | . . . . . . Projectile . | . . . . . . AOE . | . . . . . . Terrain Rammed . | . . . . . . Walls Destroyed . | . . . . . . Machines Disabled . | . . . . . . Actions | -11 -10 -10 -9 -9 -9 --------- Run | Yrd Mat Min Mat Min Exi Total 2406 | 60 176 506 235 1128 301 Wait 532 | 10 4 21 46 369 82 Move 1681 | 38 150 424 165 710 194 Hop 9 | . . . 6 3 . Pick Up 21 | 6 . 6 2 6 1 Fast Attach 27 | 6 1 6 2 5 7 Attach 6 | . . 1 3 2 . Detach 4 | . . 2 . 1 1 Swap 2 | . . . 2 . . Drop 22 | . . 5 3 3 11 Fire 98 | . 21 40 6 27 4 Melee . | . . . . . . Ram . | . . . . . . Kick . | . . . . . . Crush 1 | . . 1 . . . Escape Stasis . | . . . . . . Rewire . | . . . . . . Trap 3 | . . . . 2 1 Miscellaneous . | . . . . . . Route ------- -11/Scrapyard -10/Materials -10/Mines -9/Materials -9/Mines (discovered 3 exits: [*Mat x2] / *Exi) -9/Exiles History --------- Turn | Location | Event 67 | -11/Scrapyard | Discovered new exit (range 12) 85 | -11/Scrapyard | Entered Materials 176 | -10/Materials | Discovered new exit (range 12) 308 | -10/Materials | Build established: Mutant 386 | -10/Materials | Entered Mines 410 | -10/Mines | Found a damaged Exp. Sensor Array with a note attached 414 | -10/Mines | Found Prototype Device 414 | -10/Mines | Identified Exp. Sensor Array 441 | -10/Mines | Learned location of Storage (-7) 465 | -10/Mines | Assembled infested the area 470 | -10/Mines | Assisted by a Guerilla fighting off Assembled 508 | -10/Mines | Learned Materials emergency access door positions 774 | -10/Mines | Core integrity fell below 50% 802 | -10/Mines | Lost 4 parts (1p1n2w) 1153 | -10/Mines | Discovered new exit (range 8) 1167 | -10/Mines | Entered Materials 1167 | -9/Materials | Evolved 2 slots: Propulsion x2 1335 | -9/Materials | Discovered new exit (range 5) 1336 | -9/Materials | Entered Mines 1440 | -9/Mines | Learned location of Zion (-6) 1461 | -9/Mines | Lost 3 parts (2n1w) 1471 | -9/Mines | Received a Rocket Launcher from a helpful Derelict 1553 | -9/Mines | Lost 4 parts (3n1u) 1809 | -9/Mines | Found a hidden stash of uninstalled traps 1823 | -9/Mines | Discovered new exit (range 8) 1831 | -9/Mines | Discovered new exit (range 8) 1833 | -9/Mines | Build established: Scavenger-Sprinter 1834 | -9/Mines | Received a Mining Laser from a helpful Derelict 1927 | -9/Mines | Deemed a non-threat by the Exiles lab entrance 1927 | -9/Mines | Discovered new exit (range 5) 2009 | -9/Mines | Entered Exiles 2009 | -9/Exiles | Accompanied by 3 allies 2027 | -9/Exiles | Met 8R-AWN 2039 | -9/Exiles | Led the pair of lost Derelicts to a safe place 2092 | -9/Exiles | Met EX-HEX 2100 | -9/Exiles | Met EX-BIN 2104 | -9/Exiles | Aligned with FarCom system 2104 | -9/Exiles | Given EX-Vault access code 2112 | -9/Exiles | Opened EX-Vault 2114 | -9/Exiles | Found Prototype Device 2114 | -9/Exiles | Identified PSU Rigger 2117 | -9/Exiles | Found Prototype Special Weapon 2117 | -9/Exiles | Identified Field Lobotomy Kit 2122 | -9/Exiles | Found Prototype Leg 2122 | -9/Exiles | Identified Potential Leg 2124 | -9/Exiles | Found Potential Leg 2158 | -9/Exiles | Warned to stay clear of 0b10 Research branches 2159 | -9/Exiles | Exiles lab attacked by MAIN.C 2172 | -9/Exiles | Attacked by the Exiles 2216 | -9/Exiles | Core integrity fell below 50% 2221 | -9/Exiles | Core integrity fell below 20% 2222 | -9/Exiles | Destroyed by as-30480 with Assembled F-torch Last Messages --------------- 02203_ Imp. Ion Engine destroyed. 02203_ HV Slug penetrates as-41772. 02204_ Field Lobotomy Kit destroyed. 02207_ Penetrated by HV Slug. 02209_ HV Slug penetrates Machine. 02209_ Machine disabled. 02214_ Dropped Potential Leg. 02215_ Dropped PSU Rigger. 02216_ Dropped Sml. Storage Unit. 02220_ Installed Proton Bomb Trap. 02220_ Knocked back. 02222_ Penetrated by HV Slug. 02222_ HV Slug penetrates as-32053. 02222_ as-32053 suffers critical hit (Destroy). 02222_ HV Slug penetrates as-30480. 02222_ as-30480 suffers critical hit (Destroy). 02222_ as-92390 triggered Proton Bomb Trap. 02222_ A bubble of electromagnetic force engulfs the area. 02222_ as-92390 destroyed. 02222_ as-41772 destroyed. Map ----- +----------------------------------------------------+ | ???????????#""""""?# #?#########?????????????? | | ????????????#"###??# #?#"""""""#?????????????? | | ???????????????????# #?#"""""""#?????????????? | | ???????????????????# #?#"""""""#?????????????? | | ??????????????????## ###"" """"#?????????????? | | ??????????????????#" """"#?????????????? | | ??????????????????#" """#?????????????? | | ??????????????????#" """#?????????????? | | ??????????????????#" """#?????????????? | | ??????????????????#" """#?????????????? | | ??????????????????#" """##????????????? | | ??????????????????## """""????????????? | | ???????????????????# """##????????????? | | ???????????????????#" "X" """""????????????? | | ???????????????????#" """ #?????????????? | | ???????????????????#" """""""""#?????????????? | | ??????????????????##" ###########?????????????? | | ?????????????????##"" #???????????????????????? | | ????????????######"" #???????????????????????? | | ??????????###""""" ##??????????????????????? | | ????? ?? """""" ##???###########???????? | | ??? "" """ #####"""""""""##??????? | | ?? " " " """ """"##?????? | | ?? a "" " #?????? | | ?? a " """#?????? | | ?? a @ " "#?????? | | ?? a %! " "##????? | | ??? % ]%=! ""###??? | | ??? """"" = """#??? | | ???? ###### g "#??? | | ???? ""#?????##### "" ##?? | | ???? """#??????????##"" ##? | | ????? """#????????????#""" ## | | ????? ???????????????#"" | | ?????? ?????????????????"""" | | ?????? ??????????????????? =% | | ?????????????????????????? | | ?????????????????????????? # | | ????????????????????????? ## | | ????????????????????????? " ##? | | ??????????????????????????? """ ""#?? | | ???????????????????????????? " " ""#" "##?? | | ??????????????????????????????"" "??##"""""""##??? | | ?????????????????????????????????????#########???? | | ?????????????????????????????????????????????????? | | ?????????????????????????????????????????????????? | | ?????????????????????????????????????????????????? | | ?????????????????????????????????????????????????? | | ?????????????????????????????????????????????????? | | ?????????????????????????????????????????????????? | +----------------------------------------------------+ Best States ------------- Heat Dissipation 28 Energy Generation 12 Energy Capacity 265 Matter Stores 300 Matter Capacity 300 Sight Range 16 Robot Scan Range 20 Terrain Scan Density 10 ECM Strength 1 Evasion (%) 71 Recoil Reduction 2 Item Schematics ----------------- None Robot Schematics ------------------ None Fabricated ------------ Nothing Alien Tech Used ----------------- None Achievements -------------- None Challenges ------------ None Game ------ Seed ExplosiveImprinterSource Manual? 0 Play Time 00:32:30 Cumulative 22.5 hours Start 2024.05.24 @ 22:14:09 End 2024.05.27 @ 22:56:14 Sessions 4 Manual Loads 0 Difficulty Rogue Special Mode None Game No. 21 Rogue 21 Adventurer 0 Explorer 0 Win Type - Total 0 Types 0/0/0/0/0/0/0/0/0 Lore% 19 Gallery% 27 Achievement% 24 Wizard Run 0 Options --------- Layout 0 ASCII 0 Keyboard 1 Movement Numpad Keybinds 0 Fullscreen 1 Font 24/Cog Map View 76x50 Zoom Use 0% Tactical HUD 1 Map Filters NONE Filters NONE Steam 1 RUN: d69b74b5-8f53-44ea-ab72-01b34664464f